Map: Pillars of Gold LE

Players

Kelazhur - Winner!

  • Race: Terran Terran
  • League: Master
  • Spawn Location: 7:00

JimRising

  • Race: Zerg Zerg
  • League: Grandmaster
  • Spawn Location: 1:00

Event: DreamHack SC2 Masters 2020 Summer Latin America

VOD

Have the link to the VOD?

Description

Time

  • Played on: June 24, 2020, 4:08 p.m.
  • Length: 5:25

All games in this series

Show
View Real Time Build Order
Export as new Build Order

Kelazhur Terran - Winner!

Build Orders: Reaper Expand 

Get SALT Encoding   

  12  0:00  SCV  
  13  0:13  SCV  
  14  0:17  Supply Depot  
  14  0:25  SCV  
  15  0:39  SCV  
  15  0:41  Barracks  
  16  0:44  Refinery  
  16  0:51  SCV  
  17  1:03  SCV  
  18  1:17  SCV  
  19  1:28  Reaper  
  19  1:29  Orbital Command  
  20  1:42  Command Center  
  20  1:53  Supply Depot  
  20  1:55  SCV  
  20  1:59  Marine  
  22  2:08  SCV  
  23  2:13  Factory  
  23  2:22  Barracks Reactor  
  23  2:23  SCV  
  23  2:28  Refinery  
  24  2:35  SCV  
  25  2:47  SCV  
  26  2:55  Orbital Command  
  26  2:59  SCV  
  26  3:03  Starport  
  27  3:07  Hellion x2  
  27  3:11  SCV, Barracks Tech Lab  
  32  3:21  SCV  
  32  3:24  SCV  
  34  3:28  Hellion x2  
  34  3:29  Marine  
  39  3:37  SCV  
  39  3:38  SCV, Supply Depot  
  41  3:47  Medivac  
  41  3:48  Marine  
  44  3:53  Armory  
  46  3:58  Hellion  
  46  3:59  SCV x2, Supply Depot  
  46  4:00  Hellion  
  50  4:05  Marine  
  51  4:12  Supply Depot  
  51  4:15  SCV x2  
  53  4:21  Liberator  
  53  4:24  Hellion x2  
  60  4:28  SCV x2  
  62  4:35  Supply Depot  
  62  4:40  SCV  
  64  4:45  SCV  
  64  4:47  Hellion  
  64  4:48  Hellion  
  64  4:52  SCV  
  69  5:03  SCV  
  69  5:06  Marine  
  68  5:14  Barracks  
  68  5:16  Barracks  
Show
View Real Time Build Order
Export as new Build Order

JimRising Zerg 

Build Orders: Hatch First 

Get SALT Encoding   

  12  0:01  Drone  
  13  0:13  Overlord  
  13  0:18  Drone  
  14  0:32  Drone x2  
  16  0:51  Hatchery  
  16  0:55  Drone  
  16  0:58  Drone  
  16  1:00  Drone  
  16  1:03  Extractor  
  17  1:18  Spawning Pool  
  16  1:21  Drone  
  17  1:26  Drone  
  17  1:30  Drone  
  19  1:39  Drone  
  20  1:52  Overlord  
  20  2:04  Queen x2  
  25  2:08  Zergling x2  
  25  2:09  Zergling x2  
  25  2:14  Metabolic Boost  
  26  2:18  Drone  
  26  2:20  Drone  
  28  2:24  Drone  
  28  2:29  Drone  
  29  2:39  Drone x2  
  29  2:41  Queen  
  33  2:45  Drone  
  33  2:50  Queen  
  36  2:55  Overlord  
  36  3:01  Overlord  
  35  3:13  Drone  
  35  3:14  Drone  
  35  3:15  Drone x4  
  41  3:20  Drone x2  
  41  3:21  Drone  
  41  3:23  Drone  
  41  3:26  Drone  
  46  3:33  Drone  
  47  3:35  Lair  
  47  3:46  Hatchery  
  46  3:53  Zergling x4  
  46  3:54  Zergling x4  
  50  3:55  Overlord  
  50  4:00  Overlord  
  50  4:08  Overlord  
  50  4:09  Drone  
  51  4:16  Drone, Extractor  
  51  4:17  Drone x3, Extractor  
  51  4:18  Extractor  
  52  4:29  Zergling x4  
  52  4:30  Baneling Nest  
  53  4:33  Drone x2  
  53  4:34  Drone x4  
  59  4:43  Drone x2  
  61  4:48  Queen x2  
  65  4:59  Zergling x6  
  65  5:01  Zergling x2  
  65  5:06  Zergling x6  
Tags
 
Add a new tag
Caveats
  • Supply blocks, unpowered buildings, or Contaminate may cause inaccurate times.
  • Supply counts are checked every 10 seconds.